TOP OF THE 1ST |
Ithaca Fighting Imps batting - Pitching for Asheville Highlanders : RHP Glen Burt
|
Pitching: RHP Glen Burt
|
|
Batting: LHB Paul Brown
|
0-0: Ground out 4-3 (Groundball, 34D, EV 83.8 MPH)
|
Batting: SHB Marc Porter
|
0-0: Ball 1-0: Ground out 4-3 (Groundball, 4, EV 106.2 MPH)
|
Batting: RHB Darryl Stansberry
|
0-0: Ball 1-0: Ground out U3 (Groundball, 34S, EV 86.2 MPH)
|
Top of the 1st over - 0 runs, 0 hits, 0 errors, 0 left on base; Ithaca 0 - Asheville 0 |
BOTTOM OF THE 1ST |
Asheville Highlanders batting - Pitching for Ithaca Fighting Imps : RHP Luis Martínez
|
Pitching: RHP Luis Martínez
|
|
Batting: LHB Andy McGee
|
0-0: Ball 1-0: Ball 2-0: Ball 3-0: Called Strike 3-1: Swinging Strike 3-2: Foul Ball, location: 2F 3-2: Base on Balls
|
Batting: RHB Mitchell Hogg
|
0-0: Fielders Choice at 2nd, 6-4 (Groundball, 6, EV 86.9 MPH)
|
Batting: RHB Su-shun Hung
|
0-0: Ball 1-0: Fly out, F8 (Flyball, 78D, EV 93.1 MPH)
|
Batting: RHB Juan Santos
|
0-0: Ball 1-0: Foul Ball, location: 2F 1-1: Ball 2-1: Ground out 5-3 (Groundball, 56S, EV 77.5 MPH)
|
Bottom of the 1st over - 0 runs, 0 hits, 0 errors, 1 left on base; Ithaca 0 - Asheville 0 |
TOP OF THE 2ND |
Ithaca Fighting Imps batting - Pitching for Asheville Highlanders : RHP Glen Burt
|
Batting: RHB Eppe Nuesink
|
0-0: Ball 1-0: Ball 2-0: Called Strike 2-1: Ball 3-1: Base on Balls
|
Batting: LHB Dan Bray
|
0-0: Swinging Strike 0-1: Ball 1-1: Foul Ball, location: 2F 1-2: Foul Ball, location: 2F 1-2: Ball 2-2: Strikes out looking
|
Batting: RHB Paul Johnston
|
0-0: Ball 1-0: Swinging Strike 1-1: Foul Ball, location: 2F 1-2: Strikes out swinging
|
Batting: RHB Jon Rice
|
0-0: Called Strike 0-1: Fly out, F9 (Flyball, 89S, EV 73.1 MPH)
|
Top of the 2nd over - 0 runs, 0 hits, 0 errors, 1 left on base; Ithaca 0 - Asheville 0 |
BOTTOM OF THE 2ND |
Asheville Highlanders batting - Pitching for Ithaca Fighting Imps : RHP Luis Martínez
|
Batting: LHB John Weber
|
0-0: Ball 1-0: Ball 2-0: Called Strike 2-1: Foul Ball, location: 2F 2-2: Ball 3-2: Foul Ball, location: 2F 3-2: Fly out, F8 (Flyball, 8LXD, EV 106.9 MPH)
|
Batting: RHB Juan Guzmán
|
0-0: Ball 1-0: Ball 2-0: Called Strike 2-1: Called Strike 2-2: Foul Ball, location: 2F 2-2: Ground out 3-1 (Groundball, 34, EV 81.9 MPH)
|
Batting: LHB Graham Wooten
|
0-0: Ball 1-0: Ball 2-0: Ball 3-0: Called Strike 3-1: Base on Balls
|
Batting: RHB Pete Hill
|
0-0: Called Strike 0-1: Foul Ball, location: 2F 0-2: Ball 1-2: Ball 2-2: Ball 3-2: Base on Balls Graham Wooten to second
|
Batting: RHB Jesús Martínez
|
0-0: Foul Ball, location: 2F 0-1: Ball 1-1: Ball 2-1: Fly out, F4 (Popup, 3D, EV 70.0 MPH)
|
Bottom of the 2nd over - 0 runs, 0 hits, 0 errors, 2 left on base; Ithaca 0 - Asheville 0 |
TOP OF THE 3RD |
Ithaca Fighting Imps batting - Pitching for Asheville Highlanders : RHP Glen Burt
|
Batting: LHB Jamie Hunter
|
0-0: Ball 1-0: Ball 2-0: Called Strike 2-1: Called Strike 2-2: Ball 3-2: Base on Balls
|
Batting: RHB Dan Ramsey
|
0-0: Ball 1-0: Ball 2-0: Ball 3-0: Called Strike 3-1: Called Strike 3-2: SINGLE (Flyball, 6D, EV 88.8 MPH) Jamie Hunter to second
|
Batting: LHB Paul Brown
|
0-0: Ball 1-0: Ball 2-0: Ball 3-0: Base on Balls Jamie Hunter to third Dan Ramsey to second
|
Batting: SHB Marc Porter
|
0-0: Ball 1-0: Ball 2-0: Fly out, F7 (Flyball, 7S, EV 85.6 MPH)
|
Batting: RHB Darryl Stansberry
|
0-0: Called Strike 0-1: Swinging Strike 0-2: Foul Ball, location: 2F 0-2: Ball 1-2: Strikes out swinging
|
Batting: RHB Eppe Nuesink
|
0-0: Ball 1-0: Ball 2-0: Ball 3-0: Called Strike 3-1: Fly out, F9 (Flyball, 9D, EV 96.9 MPH)
|
Top of the 3rd over - 0 runs, 1 hit, 0 errors, 3 left on base; Ithaca 0 - Asheville 0 |
BOTTOM OF THE 3RD |
Asheville Highlanders batting - Pitching for Ithaca Fighting Imps : RHP Luis Martínez
|
Batting: LHB Andy McGee
|
0-0: SOLO HOME RUN (Flyball, 89XD, EV 115.0 MPH), Distance : 428 ft
|
Batting: RHB Mitchell Hogg
|
0-0: Swinging Strike 0-1: Foul Ball, location: 2F 0-2: Strikes out swinging
|
Batting: RHB Su-shun Hung
|
0-0: Called Strike 0-1: SINGLE (Line Drive, 9S, EV 93.8 MPH)
|
Batting: RHB Juan Santos
|
0-0: Swinging Strike 0-1: Foul Ball, location: 2F 0-2: Ball 1-2: Strikes out swinging
|
Batting: LHB John Weber
|
0-0: Swinging Strike 0-1: Ball 1-1: Swinging Strike 1-2: Foul Ball, location: 2F 1-2: Ball 2-2: Ground out 6-3 (Groundball, P, EV 90.6 MPH)
|
Bottom of the 3rd over - 1 run, 2 hits, 0 errors, 1 left on base; Ithaca 0 - Asheville 1 |
TOP OF THE 4TH |
Ithaca Fighting Imps batting - Pitching for Asheville Highlanders : RHP Glen Burt
|
Batting: LHB Dan Bray
|
0-0: Ball 1-0: Called Strike 1-1: Fly out, F7 (Flyball, 7D, EV 85.6 MPH)
|
Batting: RHB Paul Johnston
|
0-0: Called Strike 0-1: Ball 1-1: Ground out 4-3 (Groundball, 4, EV 85.6 MPH)
|
Batting: RHB Jon Rice
|
0-0: Swinging Strike 0-1: Foul Ball, location: 2F 0-2: Ball 1-2: Fly out, F7 (Flyball, 7D, EV 87.5 MPH)
|
Top of the 4th over - 0 runs, 0 hits, 0 errors, 0 left on base; Ithaca 0 - Asheville 1 |
BOTTOM OF THE 4TH |
Asheville Highlanders batting - Pitching for Ithaca Fighting Imps : RHP Luis Martínez
|
Batting: RHB Juan Guzmán
|
0-0: Ball 1-0: Swinging Strike 1-1: Ball 2-1: Fly out, F8 (Flyball, 89M, EV 88.1 MPH)
|
Batting: LHB Graham Wooten
|
0-0: Ball 1-0: Fly out, F7 (Flyball, 78M, EV 96.2 MPH)
|
Batting: RHB Pete Hill
|
0-0: SINGLE (Groundball, 6MD, EV 106.2 MPH)
|
Batting: RHB Jesús Martínez
|
0-0: Ball 1-0: Swinging Strike 1-1: Ball 2-1: Ball 3-1: Called Strike 3-2: Strikes out swinging
|
Bottom of the 4th over - 0 runs, 1 hit, 0 errors, 1 left on base; Ithaca 0 - Asheville 1 |
TOP OF THE 5TH |
Ithaca Fighting Imps batting - Pitching for Asheville Highlanders : RHP Glen Burt
|
Batting: LHB Jamie Hunter
|
0-0: Ball 1-0: Foul Ball, location: 2F 1-1: Swinging Strike 1-2: DOUBLE (Line Drive, 9LM, EV 101.2 MPH)
|
Batting: RHB Dan Ramsey
|
0-0: Called Strike 0-1: Ball 1-1: Foul Ball, location: 2F 1-2: Foul Ball, location: 2F 1-2: DOUBLE (Line Drive, 89D, EV 110.0 MPH) Jamie Hunter scores
|
Batting: LHB Paul Brown
|
0-0: Called Strike 0-1: Foul Ball, location: 2F 0-2: Strikes out swinging
|
Batting: SHB Marc Porter
|
0-0: Ball 1-0: Ground out 4-3 (Groundball, 4, EV 100.6 MPH) Dan Ramsey to third
|
Batting: RHB Darryl Stansberry
|
0-0: Ball 1-0: Ball 2-0: Called Strike 2-1: Fly out, F7 (Flyball, 78M, EV 86.2 MPH)
|
Top of the 5th over - 1 run, 2 hits, 0 errors, 1 left on base; Ithaca 1 - Asheville 1 |
BOTTOM OF THE 5TH |
Asheville Highlanders batting - Pitching for Ithaca Fighting Imps : RHP Luis Martínez
|
Batting: LHB Andy McGee
|
0-0: Ball 1-0: Ground out U3 (Groundball, 3, EV 86.2 MPH)
|
Batting: RHB Mitchell Hogg
|
0-0: Ball 1-0: Ball 2-0: Ball 3-0: Base on Balls
|
Batting: RHB Su-shun Hung
|
0-0: Grounds into double play, 4-6-3 (Groundball, 4M, EV 80.6 MPH)
|
Bottom of the 5th over - 0 runs, 0 hits, 0 errors, 0 left on base; Ithaca 1 - Asheville 1 |
TOP OF THE 6TH |
Ithaca Fighting Imps batting - Pitching for Asheville Highlanders : RHP Glen Burt
|
Batting: RHB Eppe Nuesink
|
0-0: Ball 1-0: Ball 2-0: Swinging Strike 2-1: Swinging Strike 2-2: Strikes out swinging
|
Batting: LHB Dan Bray
|
0-0: Ball 1-0: Ball 2-0: Foul Ball, location: 2F 2-1: Ball 3-1: Swinging Strike 3-2: Foul Ball, location: 2F 3-2: Foul Ball, location: 2F 3-2: Foul Ball, location: 2F 3-2: Foul Ball, location: 2F 3-2: Ground out 1-3 (Groundball, 13S, EV 63.8 MPH)
|
Batting: RHB Paul Johnston
|
0-0: Ball 1-0: Swinging Strike 1-1: Foul Ball, location: 2F 1-2: Foul Ball, location: 2F 1-2: Foul Ball, location: 2F 1-2: SINGLE (Groundball, 34D, EV 102.5 MPH)
|
Pitching: LHP Carter Bishop
|
|
Batting: RHB Jon Rice
|
0-0: Called Strike 0-1: Ball Wild Pitch! Paul Johnston to second 1-1: Called Strike 1-2: Ball 2-2: Strikes out swinging, 2-3 out at first.
|
Top of the 6th over - 0 runs, 1 hit, 0 errors, 1 left on base; Ithaca 1 - Asheville 1 |
BOTTOM OF THE 6TH |
Asheville Highlanders batting - Pitching for Ithaca Fighting Imps : RHP Luis Martínez
|
Batting: RHB Juan Santos
|
0-0: Ball 1-0: Ball 2-0: Foul Ball, location: 2F 2-1: Foul Ball, location: 2F 2-2: Strikes out swinging
|
Batting: LHB John Weber
|
0-0: Ball 1-0: SINGLE (Groundball, 4MD, EV 104.4 MPH)
|
Batting: RHB Juan Guzmán
|
0-0: Called Strike John Weber is caught stealing 2nd base 2-4 0-1: Fly out, F7 (Flyball, 7, EV 89.4 MPH)
|
Bottom of the 6th over - 0 runs, 1 hit, 0 errors, 0 left on base; Ithaca 1 - Asheville 1 |
TOP OF THE 7TH |
Ithaca Fighting Imps batting - Pitching for Asheville Highlanders : LHP Carter Bishop
|
Batting: LHB Jamie Hunter
|
0-0: Ground out U3 (Groundball, 3, EV 89.4 MPH)
|
Batting: RHB Dan Ramsey
|
0-0: Foul Ball, location: 2F 0-1: Foul Ball, location: 2F 0-2: Ball 1-2: Ball 2-2: Ball 3-2: Strikes out swinging, 2-3 out at first.
|
Batting: LHB Paul Brown
|
0-0: Ball 1-0: Foul Ball, location: 2F 1-1: Swinging Strike 1-2: Ground out U3 (Groundball, 3L, EV 76.9 MPH)
|
Top of the 7th over - 0 runs, 0 hits, 0 errors, 0 left on base; Ithaca 1 - Asheville 1 |
BOTTOM OF THE 7TH |
Asheville Highlanders batting - Pitching for Ithaca Fighting Imps : RHP Luis Martínez
|
Batting: LHB Graham Wooten
|
0-0: Called Strike 0-1: Foul Ball, location: 2F 0-2: Ball 1-2: Foul Ball, location: 2F 1-2: Foul Ball, location: 2F 1-2: Ground out 4-3 (Groundball, 4, EV 90.6 MPH)
|
Batting: RHB Pete Hill
|
0-0: Ground out 5-3 (Groundball, 56S, EV 66.9 MPH)
|
Batting: RHB Jesús Martínez
|
0-0: Ball 1-0: Ball 2-0: Foul Ball, location: 2F 2-1: Called Strike 2-2: Ground out 6-3 (Groundball, 6, EV 90.6 MPH)
|
Bottom of the 7th over - 0 runs, 0 hits, 0 errors, 0 left on base; Ithaca 1 - Asheville 1 |
TOP OF THE 8TH |
Ithaca Fighting Imps batting - Pitching for Asheville Highlanders : LHP Carter Bishop
|
Batting: SHB Marc Porter
|
0-0: Ground out 6-3 (Groundball, 6, EV 93.8 MPH)
|
Batting: RHB Darryl Stansberry
|
0-0: Swinging Strike 0-1: Swinging Strike 0-2: Ball 1-2: Strikes out swinging
|
Batting: RHB Eppe Nuesink
|
0-0: Ball 1-0: Ball 2-0: Called Strike 2-1: Ball 3-1: Base on Balls
|
Pinch Hitting: RHB Takeo Okamoto
|
0-0: Ball 1-0: Called Strike 1-1: Ball 2-1: Ball 3-1: Foul Ball, location: 2F 3-2: Base on Balls Eppe Nuesink to second
|
Batting: RHB Paul Johnston
|
0-0: Ball 1-0: Foul Ball, location: 2F 1-1: Ball 2-1: Ball 3-1: Base on Balls Eppe Nuesink to third Takeo Okamoto to second
|
Pitching: RHP Rob Sawyer
|
|
Pinch Hitting: LHB Harry Stewart
|
0-0: Foul Ball, location: 2F 0-1: Ball 1-1: Called Strike 1-2: Foul Ball, location: 2F 1-2: Foul Ball, location: 2F 1-2: Ball 2-2: Ball 3-2: Strikes out swinging
|
Top of the 8th over - 0 runs, 0 hits, 0 errors, 3 left on base; Ithaca 1 - Asheville 1 |
BOTTOM OF THE 8TH |
Asheville Highlanders batting - Pitching for Ithaca Fighting Imps : RHP Luis Martínez
|
Now at 2B: Armando Soto
|
|
Now at SS: Darryl Stansberry
|
|
Now in CF: Harry Stewart
|
|
Batting: LHB Andy McGee
|
0-0: Called Strike 0-1: Called Strike 0-2: Fly out, F7 (Flyball, 7, EV 89.4 MPH)
|
Batting: RHB Mitchell Hogg
|
0-0: SINGLE (Line Drive, 7S, EV 96.9 MPH)
|
Batting: RHB Su-shun Hung
|
0-0: Ball 1-0: Ball 2-0: Foul Ball, location: 2F 2-1: SINGLE (Groundball, 6MD, EV 96.2 MPH) Mitchell Hogg to second Runner from 2nd tries for 3rd, SAFE, no throw by CF
|
Batting: RHB Juan Santos
|
0-0: Swinging Strike 0-1: Called Strike 0-2: Ball 1-2: Ball 2-2: Foul Ball, location: 2F 2-2: Fly out, F6 (Line Drive, 6, EV 63.1 MPH)
|
Pitching: RHP Darryl Smith
|
|
Batting: LHB John Weber
|
0-0: Ball 1-0: Ball 2-0: Ball 3-0: Called Strike 3-1: Called Strike 3-2: Ground out 4-3 (Groundball, 13, EV 88.8 MPH)
|
Bottom of the 8th over - 0 runs, 2 hits, 0 errors, 2 left on base; Ithaca 1 - Asheville 1 |
TOP OF THE 9TH |
Ithaca Fighting Imps batting - Pitching for Asheville Highlanders : RHP Rob Sawyer
|
Batting: LHB Jamie Hunter
|
0-0: Called Strike 0-1: Ball 1-1: Swinging Strike 1-2: Ball 2-2: Strikes out swinging
|
Batting: RHB Dan Ramsey
|
0-0: Ball 1-0: Fly out, F7 (Flyball, 78D, EV 83.8 MPH)
|
Batting: LHB Paul Brown
|
0-0: Ball 1-0: Foul Ball, location: 2F 1-1: Ground out 2-3 (Groundball, 2R, EV 69.4 MPH)
|
Top of the 9th over - 0 runs, 0 hits, 0 errors, 0 left on base; Ithaca 1 - Asheville 1 |
BOTTOM OF THE 9TH |
Asheville Highlanders batting - Pitching for Ithaca Fighting Imps : RHP Darryl Smith
|
Batting: RHB Juan Guzmán
|
0-0: Ground out 4-3 (Groundball, 4, EV 83.8 MPH)
|
Batting: LHB Graham Wooten
|
0-0: Foul Ball, location: 2F 0-1: Ball 1-1: Swinging Strike 1-2: Ball 2-2: Ball 3-2: Base on Balls
|
Batting: RHB Pete Hill
|
0-0: Foul Ball, location: 2F 0-1: Ball 1-1: Called Strike 1-2: Ball 2-2: Grounds into double play, 4-6-3 (Groundball, 4, EV 106.9 MPH)
|
Bottom of the 9th over - 0 runs, 0 hits, 0 errors, 0 left on base; Ithaca 1 - Asheville 1 |
TOP OF THE 10TH |
Ithaca Fighting Imps batting - Pitching for Asheville Highlanders : RHP Rob Sawyer
|
Batting: SHB Marc Porter
|
0-0: Ball 1-0: Foul Ball, location: 2F 1-1: Called Strike 1-2: Ball 2-2: Ground out 4-3 (Groundball, 34, EV 82.5 MPH)
|
Batting: RHB Darryl Stansberry
|
0-0: Swinging Strike 0-1: Ball 1-1: Swinging Strike 1-2: Strikes out swinging
|
Batting: RHB Eppe Nuesink
|
0-0: Called Strike 0-1: Foul Ball, location: 2F 0-2: Strikes out swinging
|
Top of the 10th over - 0 runs, 0 hits, 0 errors, 0 left on base; Ithaca 1 - Asheville 1 |
BOTTOM OF THE 10TH |
Asheville Highlanders batting - Pitching for Ithaca Fighting Imps : RHP Darryl Smith
|
Pitching: RHP Denny Schneider
|
|
Batting: RHB Jesús Martínez
|
0-0: Called Strike 0-1: Fly out, F9 (Flyball, 9D, EV 101.2 MPH)
|
Batting: LHB Andy McGee
|
0-0: Ball 1-0: Foul Ball, location: 2F 1-1: Swinging Strike 1-2: Ball 2-2: Fly out, F8 (Flyball, 8RM, EV 93.8 MPH)
|
Batting: RHB Mitchell Hogg
|
0-0: Ball 1-0: Ball 2-0: Swinging Strike 2-1: Ball 3-1: Fly out, F9 (Flyball, 9, EV 81.9 MPH)
|
Bottom of the 10th over - 0 runs, 0 hits, 0 errors, 0 left on base; Ithaca 1 - Asheville 1 |
TOP OF THE 11TH |
Ithaca Fighting Imps batting - Pitching for Asheville Highlanders : RHP Rob Sawyer
|
Batting: RHB Armando Soto
|
0-0: Ball 1-0: Called Strike 1-1: SINGLE (Line Drive, 7S, EV 97.5 MPH)
|
Batting: RHB Paul Johnston
|
0-0: Called Strike 0-1: Foul Ball, location: 2F 0-2: Ball 1-2: SINGLE (Line Drive, 4D, EV 95.0 MPH) Armando Soto to second
|
Batting: LHB Harry Stewart
|
0-0: Sac Bunt by P - play at third, runner safe! Paul Johnston to second
|
Batting: LHB Jamie Hunter
|
0-0: Called Strike 0-1: Ball 1-1: Swinging Strike 1-2: Foul Ball, location: 2F 1-2: Ball 2-2: Ball 3-2: Foul Ball, location: 2F 3-2: Foul Ball, location: 2F 3-2: Strikes out swinging
|
Batting: RHB Dan Ramsey
|
0-0: Ball 1-0: Foul Ball, location: 2F 1-1: Foul Ball, location: 2F 1-2: Foul Ball, location: 2F 1-2: Strikes out swinging
|
Batting: LHB Paul Brown
|
0-0: Ball 1-0: Ball 2-0: Swinging Strike 2-1: Foul Ball, location: 2F 2-2: Ball 3-2: SINGLE (Flyball, 4MD, EV 91.2 MPH) Armando Soto scores Paul Johnston to third Harry Stewart to second Paul Johnston scores Harry Stewart to third
|
Pitching: RHP Rick Behan
|
|
Batting: SHB Marc Porter
|
0-0: Ball 1-0: Ball 2-0: Ball 3-0: Called Strike 3-1: Foul Ball, location: 2F 3-2: Ground out 4-3 (Groundball, 4, EV 107.5 MPH)
|
Top of the 11th over - 2 runs, 3 hits, 0 errors, 2 left on base; Ithaca 3 - Asheville 1 |
BOTTOM OF THE 11TH |
Asheville Highlanders batting - Pitching for Ithaca Fighting Imps : RHP Denny Schneider
|
Batting: RHB Su-shun Hung
|
0-0: Swinging Strike 0-1: Foul Ball, location: 2F 0-2: Ball 1-2: Foul Ball, location: 2F 1-2: Ball 2-2: Strikes out swinging
|
Batting: RHB Juan Santos
|
0-0: Fly out, F9 (Flyball, 9LM, EV 97.5 MPH)
|
Batting: LHB John Weber
|
0-0: Ball 1-0: Ground out U3 (Groundball, 3L, EV 103.8 MPH)
|
Bottom of the 11th over - 0 runs, 0 hits, 0 errors, 0 left on base; Ithaca 3 - Asheville 1 |
|